 Dungeon Crawl Stone Soup version 0.27-a0-1548-gf8a67e7463 (webtiles) character file.

Game seed: 7836997576601159158

4983 tsouns the Digger (level 10, -4/73 HPs)
             Began as a Demonspawn Earth Elementalist on July 13, 2021.
             Was a Believer of Makhleb.
             Slain by a killer bee (5 damage)
             ... on level 8 of the Dungeon.
             The game lasted 00:15:11 (10643 turns).

tsouns the Digger (Demonspawn Earth Elementalist)  Turns: 10643, Time: 00:15:12

Health: -4/73      AC:  5    Str:  9    XL:     10   Next: 29%
Magic:  16/20      EV: 16    Int: 20    God:    Makhleb [**....]
Gold:   390        SH:  5    Dex: 17    Spells: 8/23 levels left

rFire    . . .     SeeInvis .   t - +4 short sword (drain)
rCold    . . .     Faith    .   (no shield)
rNeg     . . .     Spirit   .   b - +0 robe
rPois    +         Reflect  +   a - +0 helmet
rElec    .         Harm     .   n - +1 cloak
rCorr    .         Rampage  .   (no gloves)
Will     .....                  (boots unavailable)
Stlth    ++++......             f - amulet of reflection
HPRegen  0.22/turn              v - +4 ring of evasion
MPRegen  0.17/turn              D - ring of poison resistance

@: no status effects
A: talons 3, thin skeletal structure 2, foul stench 1, spiny 1
a: Renounce Religion, Minor Destruction


You were on level 8 of the Dungeon.
You worshipped Makhleb.
Makhleb was pleased with you.
You visited 1 branch of the dungeon, and saw 9 of its levels.

You collected 517 gold pieces.
You spent 127 gold pieces at shops.

Inventory:

Hand Weapons
 i - a +1 whip of electrocution
 k - a +1 whip of venom
 t - a +4 short sword of draining (weapon)
Missiles
 c - 73 stones
 o - 64 poisoned darts
 x - 3 throwing nets
 E - 2 javelins
Armour
 a - a +0 helmet (worn)
 b - a +0 robe (worn)
 g - a scarf of invisibility
 n - a +1 cloak (worn)
 B - a +0 hat
Magical Staves
 d - a staff of air
Jewellery
 f - an amulet of reflection (around neck)
 s - a ring of magical power
 u - a ring of see invisible
 v - a +4 ring of evasion (left hand)
 D - a ring of poison resistance (right hand)
Wands
 y - a wand of polymorph (8)
Scrolls
 e - a scroll of torment
 m - 2 scrolls of immolation
Potions
 h - 2 potions of mutation
 j - 4 potions of haste
 l - a potion of brilliance
 p - 3 potions of flight
 q - 4 potions of heal wounds
 w - 2 potions of resistance
 z - a potion of attraction
 A - a potion of cancellation {unknown}
 C - a potion of lignification {unknown}


   Skills:
 + Level 4.7 Fighting
 - Level 1.7 Dodging
 - Level 1.7 Stealth
 + Level 7.0 Spellcasting
 + Level 3.6 Conjurations
 - Level 6.1 Transmutations
 + Level 3.2 Fire Magic
 + Level 7.3 Earth Magic
 + Level 6.1 Invocations


You had 8 spell levels left.
You knew the following spells:

 Your Spells              Type           Power      Damage    Failure   Level
a - Sandblast             Erth           72%        2d16      1%          1
b - Passwall              Tmut/Erth      28%        N/A       1%          2
c - Stone Arrow           Conj/Erth      58%        3d10      3%          3
d - Petrify               Tmut/Erth      34%        N/A       6%          4
e - Bolt of Magma         Conj/Fire/Erth 13%        4d8       36%         5

Your spell library contained the following spells:

 Spells                   Type           Power      Damage    Failure   Level
 Beastly Appendage        Tmut           62%        N/A       1%          1
 Wereblood                Tmut           31%        N/A       1%          2
 Foxfire                  Conj/Fire      80%        2x1d8     2%          1
 Conjure Flame            Conj/Fire      20%        6-21      7%          3
 Spider Form              Tmut/Pois      9%         N/A       8%          3
 Freeze                   Ice            28%        1d5       10%         1
 Slow                     Hex            7%         N/A       14%         2
 Inner Flame              Hex/Fire       13%        N/A       14%         3
 Leda's Liquefaction      Hex/Erth       10%        N/A       21%         4
 Confusing Touch          Hex            7%         N/A       28%         3
 Frozen Ramparts          Ice            14%        1d3       28%         3
 Vampiric Draining        Necr           3%         2d6       28%         3
 Hailstorm                Conj/Ice       14%        3d5       41%         4
 Statue Form              Tmut/Erth      22%        N/A       65%         6


Dungeon Overview and Level Annotations

Branches:
Dungeon (9/15)             Temple (0/1) D:5
   Lair: D:8-11         Orc: D:9-12

Altars:
Cheibriados
Gozag
Kikubaaqudgha
Makhleb
Sif Muna
Trog
Wu Jian
Yredelemnul
The Shining One

Shops:
D:5 *

Annotations:
D:1 Terence


Innate Abilities, Weirdness & Mutations

You have claws for feet.
You have a moderately thin skeletal structure. (Dex +4, Stealth++)
You may rarely emit foul miasma when damaged in melee.
You are partially covered in sharp spines.


Message History

The killer bee stings you but does no damage.
The killer bee misses you. The killer bee barely misses you.
The killer bee closely misses you. The killer bee stings you.
You are poisoned.
The killer bee poisons you!
The gnoll throws a boomerang.
The boomerang misses you. The fire dragon breathes flames at you.
The blast of flame hits you!!!
* * * LOW HITPOINT WARNING * * *
The killer bee stings you.
* * * LOW HITPOINT WARNING * * *
You block the killer bee's attack.
You hear an angry buzzing noise.
You hear a shout! x2
You climb upwards.
* * * LOW HITPOINT WARNING * * *
You feel sick.
There is a stone staircase leading down here.
You feel better. The killer bee barely misses you.
The killer bee closely misses you.
The killer bee is struck by your spines.
The killer bee stings you.
* * * LOW HITPOINT WARNING * * *
The killer bee is struck by your spines.
The killer bee stings you.
* * * LOW HITPOINT WARNING * * *
The killer bee misses you.
The killer bee is struck by your spines.
The killer bee barely misses you.
Unknown command.
Okay, then.
Casting: Sandblast (safe; 1% risk of failure)
Confirm with . or Enter, or press ? or * to list all spells.
Aiming: Sandblast (safe; 1% risk of failure)
Press: ? - help, Shift-Dir - straight line, f - killer bee
Aim: a killer bee (severely wounded, 63% to hit)
The blast of sand misses the killer bee.
The killer bee barely misses you. The killer bee stings you!
* * * LOW HITPOINT WARNING * * *
The killer bee stings you.
You die...

.....♣...........# #....#.......
.................# #....#.......
......(..........####....#.......
.................##....[.#.......
.................#.......#.......
.♣♣♣♣......♣♣....#.......#.......
.♣ ♣.......♣....#.......####+#.#
.♣♣♣♣......♣♣♣.y.##......# #.#.#
...♣♣........♣.y@##......# #.#)#
...♣♣..........y#####....####.#)#
♣..♣♣.............###............
♣...................####.........
♣...........######### #......#..
............##.##_## #......#..
............#_....8# #......#.#
#######.#.#.###..### #.........
#.#.#.#.....# #.........


You could see 3 killer bees.

Vanquished Creatures
  A two-headed ogre (D:8)
  Prince Ribbit (D:6)
  A wraith (D:7)
  8 yaks
  2 water moccasins
  Duvessa (D:5)
  A sky beast (D:7)
  2 black bears
  An ogre (D:7)
  A centaur (D:8)
  3 phantoms (D:5)
  2 bullfrogs
  A kobold brigand (D:5)
  A wyvern zombie (D:6)
  Dowan (D:5)
  3 scorpions
  A water moccasin skeleton (D:4)
  3 killer bees (D:9)
  4 wights (D:6)
  3 vampire bats (D:8)
  3 centaur zombies
  A jelly (D:7)
  Crazy Yiuf (D:2)
  A centaur skeleton (D:6)
  A gnoll shaman (D:5)
  4 hounds
  4 iguanas
  7 orc wizards
  A killer bee zombie (D:8)
  A hound zombie (D:5)
  A hound skeleton (D:5)
  2 howler monkey zombies
  4 gnolls
  7 adders
  4 shadow imps
  3 white imps
  A worm (D:3)
  2 dart slugs
  13 orcs
  3 ball pythons
  5 endoplasms
  7 giant cockroaches
  10 hobgoblins
  4 jackals
  10 kobolds
  2 quokkas
  10 bats
  4 frilled lizards
  3 goblins
  7 rats
167 creatures vanquished.

Vanquished Creatures (others)
  4 plants (D:1)
4 creatures vanquished.

Grand Total: 171 creatures vanquished

Notes
Turn   | Place    | Note
-------+----------+-------------------------------------------
     0 | D:1      | tsouns the Demonspawn Earth Elementalist began the quest
                  | for the Orb.
     0 | D:1      | Reached XP level 1. HP: 13/13 MP: 3/3
    70 | D:1      | Reached skill level 1 in Transmutations
   407 | D:1      | Gained mutation: You have sharp toenails. [demonic
                  | ancestry]
   407 | D:1      | Reached XP level 2. HP: 10/19 MP: 1/5
  1317 | D:2      | Noticed Terence
  1323 | D:2      | Gained mutation: You may rarely emit foul miasma when
                  | damaged in melee. [demonic ancestry]
  1323 | D:2      | Reached XP level 3. HP: 18/24 MP: 1/6
  1650 | D:2      | HP: 1/24 [poisoned by an adder]
  2291 | D:2      | Reached XP level 4. HP: 30/30 MP: 5/8
  2294 | D:2      | Learned a level 2 spell: Passwall
  2298 | D:2      | Learned a level 3 spell: Stone Arrow
  2330 | D:2      | Found a runed translucent door.
  2331 | D:2      | Noticed Crazy Yiuf
  2741 | D:2      | Killed Crazy Yiuf
  3248 | D:3      | Found a basalt altar of Yredelemnul.
  3529 | D:3      | Found a faded altar of an unknown god.
  3553 | D:3      | Gained mutation: You are partially covered in sharp spines.
                  | [demonic ancestry]
  3553 | D:3      | Reached XP level 5. HP: 32/35 MP: 9/9
  4700 | D:5      | Entered Level 5 of the Dungeon
  4709 | D:5      | Found a burning altar of Makhleb.
  4731 | D:5      | Noticed Dowan
  4732 | D:5      | Noticed a phantom
  4733 | D:5      | Noticed Duvessa
  4745 | D:5      | Noticed a black bear
  4752 | D:5      | Killed a black bear
  4753 | D:5      | Gained mutation: You have a somewhat thin skeletal
                  | structure. (Dex +2, Stealth+) [demonic ancestry]
  4753 | D:5      | Reached XP level 6. HP: 38/41 MP: 6/11
  4763 | D:5      | Killed Duvessa
  4766 | D:5      | Killed Dowan
  4767 | D:5      | Gained mutation: You have razor-sharp toenails. [demonic
                  | ancestry]
  4767 | D:5      | Reached XP level 7. HP: 7/46 MP: 4/13
  4819 | D:5      | Reached skill level 5 in Earth Magic
  4826 | D:5      | Became a worshipper of Makhleb the Destroyer
  5531 | D:5      | Found Saqoeg's Assorted Antiques.
  5537 | D:5      | Bought 2 sedimented blue potions for 43 gold pieces
  5537 | D:5      | Bought a dark potion for 21 gold pieces
  5537 | D:5      | Bought a sedimented blue potion for 21 gold pieces
  5537 | D:5      | Bought a silvery potion for 21 gold pieces
  5537 | D:5      | Bought a murky green potion for 21 gold pieces
  5796 | D:5      | Reached skill level 5 in Spellcasting
  5851 | D:5      | Found a staircase to the Ecumenical Temple.
  6301 | D:6      | Noticed a yak
  6302 | D:6      | Noticed a yak
  6304 | D:6      | Noticed a yak
  6304 | D:6      | Noticed a yak
  6305 | D:6      | Noticed Prince Ribbit
  6306 | D:6      | Noticed a yak
  6311 | D:5      | Killed a yak
  6312 | D:5      | Gained mutation: You have claws for feet. [demonic
                  | ancestry]
  6312 | D:5      | Reached XP level 8. HP: 16/52 MP: 8/15
  6535 | D:5      | Reached skill level 5 in Transmutations
  6673 | D:6      | Reached skill level 1 in Invocations
  6686 | D:6      | Reached skill level 1 in Fighting
  6688 | D:6      | Killed Prince Ribbit
  6831 | D:6      | Learned a level 4 spell: Petrify
  6958 | D:6      | Gained mutation: You have a moderately thin skeletal
                  | structure. (Dex +4, Stealth++) [demonic ancestry]
  6958 | D:6      | Reached XP level 9. HP: 62/62 MP: 15/18
  6996 | D:6      | Learned a level 5 spell: Bolt of Magma
  7044 | D:6      | Reached * piety under Makhleb
  7160 | D:6      | Reached skill level 1 in Conjurations
  7160 | D:6      | Reached skill level 1 in Fire Magic
  7520 | D:6      | Found a bloodstained altar of Trog.
  7813 | D:7      | Found an ornate altar of the Wu Jian Council.
  7851 | D:7      | Found a snail-covered altar of Cheibriados.
  8607 | D:7      | Reached skill level 5 in Invocations
  8988 | D:8      | Found an ancient bone altar of Kikubaaqudgha.
  8992 | D:8      | Found an opulent altar of Gozag.
  9404 | D:8      | Found a shimmering blue altar of Sif Muna.
  9496 | D:8      | Noticed a two-headed ogre
  9505 | D:8      | Reached XP level 10. HP: 50/72 MP: 2/20
 10041 | D:8      | Killed a two-headed ogre
 10316 | D:8      | Reached ** piety under Makhleb
 10635 | D:9      | Noticed a fire dragon
 10643 | D:8      | HP: 1/73 [killer bee (7)]
 10643 | D:8      | Slain by a killer bee

Illustrated notes

Levels and vault maps discovered:
D:1:      onia_arrival_pyramid, layout_basic, minmay_crystal_water,
          serial_bayou_lagoon_a
D:2:      layout_loops_ring, uniq_terence, uniq_crazy_yiuf_cottage
D:3:      layout_loops_ring, mainiacjoe_overflow_paths,
          shapermc_ecumenical_altar_venn
D:4:      layout_gridville
D:5:      layout_basic, lemuel_crystal_altar, temple_doors_cd,
          nicolae_stop_n_shop_1, uniq_duvessa
D:6:      layout_cave_pools, kennysheep_mini_moat, uniq_prince_ribbit1
D:7:      layout_loops_corners, lemuel_doored_altar, general_overflow_altar,
          grunt_ogre_cave, grunt_decor_cap
D:8:      layout_basic, led_sif_pool, nicolae_tso_swordbearing_angel,
          minitemple, roderic_batcave
D:9:      layout_cross, old_standard_altar, nicolae_ru_path_of_blood,
          zombieorc1_lemuel, serial_gnoll_camp, gnoll_camp_mini_loothouse,
          gnoll_camp_mini_hut, gnoll_camp_huts_moat, gnoll_camp_medium_02,
          gnoll_camp_mini_hut, minmay_microvault

Skill      XL: |  1  2  3  4  5  6  7  8  9 10 |
---------------+-------------------------------+-----
Transmutations | 1 2 3 4 5 6 |  6.1
Earth Magic    | 3 4 5 6 7 |  7.3
Spellcasting   | 3 4 5 6 7 |  7.0
Invocations    | 3 5 6 |  6.1
Fighting       | 2 4 |  4.7
Conjurations   | 3 |  3.6
Fire Magic     | 2 3 |  3.2
Dodging        | |  1.7
Stealth        | |  1.7

Action                   |  1- 3 |  4- 6 |  7- 9 | 10-12 || total
-------------------------+-------+-------+-------+-------++-------
Melee: Staff             |    11 |       |       |       ||    11
       Whip              |    47 |    21 |       |       ||    68
       Kick              |     5 |    12 |     6 |     6 ||    29
       Short sword       |       |    29 |    14 |    11 ||    54
 Cast: Sandblast         |    37 |    29 |   159 |    28 ||   253
       Stone Arrow       |       |       |    12 |     5 ||    17
       Petrify           |       |       |       |     3 ||     3
  Use: Potion            |     1 |     1 |       |     1 ||     3
       Scroll            |       |       |    15 |       ||    15
 Stab: Sleeping          |     3 |     4 |       |       ||     7
       Petrified         |       |       |       |     8 ||     8
Armor: Robe              |     6 |     8 |    10 |     9 ||    33
Dodge: Dodged            |    54 |    31 |    48 |    38 ||   171
Block: Other             |       |       |       |    12 ||    12
       Reflection        |       |       |       |     1 ||     1

Table legend: (Time is in decaauts)
 A = Elapsed time spent in this place.
 B = Non-inter-level travel time spent in this place.
 C = Inter-level travel time spent in this place.
 D = Time resting spent in this place.
 E = Time spent auto-exploring this place.
 F = Levels seen in this place.
 G = Mean time per level.
                   A        B        C        D        E       F      G
               +--------+--------+--------+--------+--------+-----+--------+
         Total |  10713 |  10395 |    318 |    281 |   8834 |   9 | 1190.3 |
       Dungeon |  10713 |  10395 |    318 |    281 |   8834 |   9 | 1190.3 |
               +--------+--------+--------+--------+--------+-----+--------+

Top non-repeatable levels by time:
     D:5: 1880 daAuts
     D:7: 1532 daAuts
     D:8: 1461 daAuts
     D:2: 1442 daAuts
     D:1: 1441 daAuts
     D:6: 1081 daAuts
     D:4: 947 daAuts
     D:3: 907 daAuts
     D:9: 18 daAuts
